 Dungeon Crawl Stone Soup version 0.18-a0-977-ge0e037f (webtiles) character file.

74 Xarowsky the Chopper (level 4, -1/40 HPs)
             Began as a Minotaur Berserker on Jan 3, 2016.
             Was a Believer of Trog.
             Slain by Zigma's ghost (5 damage)
             ... on level 3 of the Dungeon on Jan 4, 2016.
             The game lasted 00:21:07 (2053 turns).

Xarowsky the Chopper (Minotaur Berserker)           Turns: 2053, Time: 00:21:07

Health: -1/40      AC: 12    Str: 22    XL:     4   Next: 9%
Magic:  3/3        EV:  6    Int:  5    God:    Trog [**....]
Gold:   108        SH:  0    Dex:  9    Spells: 0 memorised, 3 levels left

rFire  . . .     SeeInvis .     a - +0 hand axe
rCold  . . .     Gourm    .     w - +0 plate armour
rNeg   . . .     Faith    .     (no shield)
rPois  .         Spirit   .     (helmet restricted)
rElec  .         Dismiss  .     (no cloak)
rCorr  .         Reflect  .     (no gloves)
SustAt .         Harm     .     i - +0 pair of boots
MR     .....                    (no amulet)
Stlth  ..........               (no ring)
                                (no ring)

@: not resistant to hostile enchantments, extremely unstealthy
A: retaliatory headbutt, horns 2
a: Berserk, Trog's Hand, Burn Spellbooks, Renounce Religion


You were on level 3 of the Dungeon.
You worshipped Trog.
Trog was pleased with you.
You were hungry.

You visited 1 branch of the dungeon, and saw 3 of its levels.

You collected 108 gold pieces.

Inventory:

Hand Weapons
 a - a +0 hand axe (weapon)
 f - a +0 hunting sling
Missiles
 h - 9 bolts of penetration
 s - 26 stones (quivered)
Armour
 i - a +0 pair of boots (worn)
 q - a cursed +0 scale mail
 w - a +0 plate armour (worn)
Jewellery
 b - an uncursed amulet of the gourmand {unknown}
Scrolls
 d - a scroll of immolation {unknown}
 e - a scroll of identify {unknown}
 g - a scroll of noise
 k - a scroll of fear {unknown}
 m - a scroll of amnesia {unknown}
 n - a scroll of magic mapping {unknown}
 r - a scroll of enchant weapon {unknown}
 t - a scroll of enchant armour {unknown}
Potions
 p - a potion of curing
Comestibles
 c - 2 bread rations
 j - a slice of pizza
 o - a beef jerky
 v - 2 fruits


   Skills:
 - Level 3.7 Fighting
 + Level 5.9 Axes
 - Level 2.5 Armour
 - Level 2.1 Dodging


You had 3 spell levels left.
You didn't know any spells.

Dungeon Overview and Level Annotations

Branches:
Dungeon (3/15)

Altars:
Ashenzari
Fedhas
Qazlal

Annotations:
D:3 Zigma's ghost, amateur DrMo


Innate Abilities, Weirdness & Mutations

You reflexively headbutt those who attack you in melee.
You have a pair of horns on your head.


Message History

Zigma's ghost is heavily damaged.
Zigma's ghost hits you!
* * * LOW HITPOINT WARNING * * *
You hit Zigma's ghost. You headbutt Zigma's ghost.
Zigma's ghost is severely damaged.
Zigma's ghost completely misses you. You furiously retaliate!
You headbutt Zigma's ghost. You barely miss Zigma's ghost.
Your headbutt misses Zigma's ghost.
Zigma's ghost is almost destroyed.
Zigma's ghost hits you.
* * * LOW HITPOINT WARNING * * *
Your plate armour prevents you from hitting Zigma's ghost.
Your headbutt misses Zigma's ghost.
Zigma's ghost is almost destroyed.
Zigma's ghost hits you.
* * * LOW HITPOINT WARNING * * *
Zigma's ghost hits you but does no damage.
It was a potion of magic.
Magic courses through your body. Zigma's ghost hits you.
You die...

.. #. #.#
#.##.#########
..........@.#
#.......W###
#........#
#........#
#(.......#
#.<...)..#
#........#
#........#
##########


You could see Zigma's ghost.

Vanquished Creatures
  An adder (D:2)
  3 worms (D:2)
  A giant cockroach (D:2)
  10 goblins
  10 hobgoblins
  2 jackals (D:2)
  9 kobolds
  4 bats
  3 giant newts (D:1)
  8 rats
  2 fungi (D:2)
53 creatures vanquished.

Notes
Turn   | Place    | Note
--------------------------------------------------------------
     0 | D:1      | Xarowsky the Minotaur Berserker began the quest for the Orb.
     0 | D:1      | Reached XP level 1. HP: 19/19 MP: 0/0
   227 | D:1      | Reached skill level 4 in Axes
   297 | D:1      | Reached XP level 2. HP: 25/27 MP: 1/1
   553 | D:1      | Reached ** piety under Trog
   882 | D:2      | Reached skill level 5 in Axes
   882 | D:2      | Reached XP level 3. HP: 28/33 MP: 2/2
   955 | D:2      | Found a shattered altar of Ashenzari.
  1747 | D:2      | Found a blossoming altar of Fedhas.
  1766 | D:2      | Found a stormy altar of Qazlal.
  1779 | D:2      | Reached XP level 4. HP: 24/40 MP: 3/3
  2025 | D:3      | Noticed Zigma's ghost (amateur DrMo)
  2053 | D:3      | Slain by Zigma's ghost

Vault maps used:
D:1:      minmay_arrival_three_doors
D:2:      grunt_temple_overflow_forces_of_nature, old_standard_altar
D:3:      minitemple, kennysheep_generic_room_9

Action                   |  1- 3 |  4- 6 || total
-------------------------+-------+-------++-------
Melee: Hand axe          |   112 |    29 ||   141
  Use: Potion            |       |     2 ||     2
       Scroll            |       |     1 ||     1
  Eat: Chunk             |     3 |       ||     3
